 Dungeon Crawl Stone Soup version 0.22.1-2-g9c5b331 (webtiles) character file.

487 shamaniam the Ruffian (level 6, 0/59 HPs)
             Began as a Troll Transmuter on Dec 3, 2018.
             Slain by a wight
             ... wielding a +3 spear
              (5 damage)
             ... on level 4 of the Dungeon.
             The game lasted 00:08:26 (3339 turns).

shamaniam the Ruffian (Troll Transmuter)            Turns: 3339, Time: 00:08:26

Health: 0/59       AC:  5    Str: 19    XL:     6   Next: 89%
Magic:  6/6        EV:  7    Int:  9    God:
Gold:   309        SH:  7    Dex: 12    Spells: 6/7 levels left

rFire    . . .     SeeInvis .     - Unarmed
rCold    . . .     Gourm    +   f - +0 shield
rNeg     . . .     Faith    .   i - +0 robe
rPois    .         Spirit   .   (helmet restricted)
rElec    .         Reflect  .   (no cloak)
rCorr    +         Harm     .   (gloves unavailable)
MR       .....                  (boots unavailable)
Stlth    +.........             n - amulet of the acrobat
HPRegen  0.59/turn              s - ring of flight
MPRegen  0.10/turn              v - ring of resist corrosion

@: heavily drained
A: large, unfitting armour, claws 3, fast metabolism 3, gourmand, regeneration
1, shaggy fur 1, tough skin 2
a: Evoke Flight


You were on level 4 of the Dungeon.
You were very full.

You visited 1 branch of the dungeon, and saw 5 of its levels.

You collected 309 gold pieces.

Inventory:

Hand Weapons
 b - a +0 blowgun
Missiles
 a - 22 arrows
Armour
 f - a +0 shield (worn)
 i - a +0 robe (worn)
Jewellery
 n - an amulet of the acrobat (around neck)
 s - a ring of flight (left claw)
 v - a ring of resist corrosion (right claw)
Scrolls
 c - 4 scrolls of teleportation
 j - 2 scrolls of remove curse
 m - a scroll of amnesia
 p - a scroll of enchant armour {unknown}
Potions
 e - a potion of mutation {unknown}
 g - 2 potions of haste {unknown}
 h - a potion of lignification {unknown}
 k - 2 potions of brilliance
 l - 6 potions of curing
 o - a potion of resistance
Comestibles
 d - 11 rations


   Skills:
 + Level 2.4(0.8) Fighting
 + Level 2.0(0.5) Armour
 + Level 2.9(1.3) Dodging
 + Level 2.0(0.5) Shields
 * Level 5.1(3.4) Unarmed Combat
 - Level 1.2(0.0) Spellcasting
 - Level 1.4(0.0) Transmutations


You had 6 spell levels left.
You knew the following spells:

 Your Spells              Type           Power        Failure   Level  Hunger
a - Beastly Appendage     Tmut           #.....       94%         1    ##.....

Your spell library contained the following spells:

 Spells                   Type           Power        Failure   Level  Hunger
 Sticks to Snakes         Tmut           #.......     98%         2    ###....
 Spider Form              Tmut/Pois      #.........   100%        3    ####...
 Ice Form                 Ice/Tmut       #.......     100%        4    #####..
 Blade Hands              Tmut           #.........   100%        5    ######.


Dungeon Overview and Level Annotations

Branches:
Dungeon (5/15)
 Temple: D:4-7

Altars:
Elyvilon
Fedhas
Gozag
Qazlal
Uskayaw
Wu Jian


Innate Abilities, Weirdness & Mutations

You are too large for most types of armour.
You have claws for hands.
Your metabolism is lightning-fast.
You like to eat raw meat.
Your natural rate of healing is unusually fast.
You are covered in fur. (AC +1)
You have very tough skin. (AC +2)


Message History

You feel drained. The wight hits you with a hand axe.
You closely miss the wight. You block the wight's attack. x2
The wight barely misses you. The wight hits you but does no damage.
You scratch the wight.
The wight is moderately damaged.
The wight hits you with a war axe!
* * * LOW HITPOINT WARNING * * *
You feel drained.
* * * LOW HITPOINT WARNING * * *
The wight hits you but does no damage.
The wight hits you with an enchanted spear!
* * * LOW HITPOINT WARNING * * *
You feel drained.
* * * LOW HITPOINT WARNING * * *
The wight hits you but does no damage.
You claw the wight!
You destroy the wight!
Your base Shields skill increases to level 2!
The wight hits you with an enchanted spear.
You die...

...###..# #...........#.# ...#
#..#####.##.######...#
..####........##.######..#######
....>...##.###........<........##
..####.###.# #.#.######..####.#>#
...........# #.#.# ###......###.
######.##### #.#.# #...#####.#.#
..[.....######.#)## #.### ##.##
######.........z@z# #.# #.# ##
##..........##z# #.# #.##
.###...######.###.# #)# ####.#≈
.....©........###.# #.# #....#≈
.#########..<.....# #.# #.##...
.#8P.©$P8#....###.###.#####.##...
.#P.....P#.......................
.####'####.##.#############.##.#≈
.#.≈...≈5#.##.# #.##.#≈


You could see 3 wights.

Vanquished Creatures
  2 wights (D:4)
  A crimson imp (D:4)
  4 orc priests (D:4)
  An iguana (D:4)
  2 orc wizards
  2 worker ants (D:4)
  3 adders
  A shadow imp (D:4)
  An ooze (D:2)
  3 dart slugs
  A leopard gecko (D:2)
  10 orcs
  A ball python (D:2)
  5 bats
  2 giant cockroaches
  11 goblins
  9 hobgoblins
  3 jackals (D:4)
  A quokka (D:3)
  3 frilled lizards
  3 kobolds
  2 leopard gecko skeletons (D:4)
  7 rats
78 creatures vanquished.

Vanquished Creatures (others)
  A quokka (D:4)
1 creature vanquished.

Grand Total: 79 creatures vanquished

Notes
Turn   | Place    | Note
-------+----------+-------------------------------------------
     0 | D:1      | shamaniam the Troll Transmuter began the quest for the Orb.
     0 | D:1      | Reached XP level 1. HP: 18/18 MP: 1/1
   149 | D:1      | Reached XP level 2. HP: 20/26 MP: 2/2
   221 | D:1      | Reached skill level 1 in Fighting
   835 | D:2      | Reached XP level 3. HP: 33/33 MP: 3/3
  1139 | D:2      | Found a stormy altar of Qazlal.
  1211 | D:2      | Found a blossoming altar of Fedhas.
  1409 | D:2      | Reached XP level 4. HP: 36/41 MP: 4/4
  1783 | D:3      | Found an opulent altar of Gozag.
  1804 | D:3      | Reached skill level 1 in Shields
  1986 | D:3      | Reached skill level 1 in Armour
  1996 | D:3      | Reached skill level 4 in Unarmed Combat
  2259 | D:4      | Found a transporter.
  2291 | D:4      | Found a transporter.
  2479 | D:4      | HP: 1/41 [iguana (7)]
  2562 | D:4      | Reached XP level 5. HP: 9/49 MP: 5/5
  2753 | D:4      | Reached XP level 6. HP: 36/57 MP: 6/6
  2847 | D:4      | Found a white marble altar of Elyvilon.
  2891 | D:4      | Found an ornate altar of the Wu Jian Council.
  2970 | D:4      | Found a hide-covered altar of Uskayaw.
  3290 | D:5      | Entered Level 5 of the Dungeon
  3304 | D:4      | Reached skill level 5 in Unarmed Combat
  3339 | D:4      | Slain by a wight

Skill      XL: |  1  2  3  4  5  6 |
---------------+-------------------+-----
Fighting       | 1 2 |  2.4
Dodging        | 2 |  2.9
Shields        | 1 2 |  2.0
Armour         | 1 2 |  2.0
Unarmed Combat | 4 5 |  5.1
Spellcasting   | |  1.2
Transmutations | |  1.4

Action                   |  1- 3 |  4- 6 || total
-------------------------+-------+-------++-------
Melee: Unarmed           |   111 |   139 ||   250
Evoke: Wand              |       |    24 ||    24
  Use: Scroll            |       |     6 ||     6
       Potion            |       |     2 ||     2
  Eat: Chunk             |    18 |    16 ||    34
Armor: Robe              |    33 |    25 ||    58
Dodge: Dodged            |    25 |    44 ||    69
Block: Shield            |    39 |    56 ||    95
